PAA
PHOENIX HOTSPUR YOUTH @ CHESAPEAKE CONTINENTALS
05/19/2028
 
TOP OF THE 1ST
Phoenix Hotspur Youth batting - Pitching for Chesapeake Continentals : RHP António Alomar
Pitching: RHP António Alomar
Batting: RHB David Rivas 0-0: DOUBLE (Line Drive, 9)
Batting: RHB Carl Tucker 0-0: Called Strike
0-1: Called Strike
0-2: Ball
1-2: Strikes out looking
Batting: RHB Bernardo Rivera 0-0: Ball
1-0: Fly out, F5 (Popup, 5D)
Batting: LHB Ricardo Peńa 0-0: Ball
Wild Pitch!
David Rivas to third
1-0: Ball
2-0: SINGLE (Flyball, 89S)
David Rivas scores
Batting: RHB Rubén Andrada 0-0: Ball
1-0: SINGLE (Line Drive, 9S)
Ricardo Peńa to second
Batting: LHB António Escalante 0-0: Foul Ball, location: 2F
0-1: Called Strike
0-2: Strikes out looking
Top of the 1st over - 1 run(s), 3 hit(s), 0 error(s), 2 left on base; Phoenix Hotspur 1 - Chesapeake 0
BOTTOM OF THE 1ST
Chesapeake Continentals batting - Pitching for Phoenix Hotspur Youth : RHP Derrick Hopkins
Pitching: RHP Derrick Hopkins
Batting: RHB Alberto Esquivel 0-0: Foul Ball, location: 2F
0-1: Swinging Strike
0-2: Foul Ball, location: 2F
0-2: Ball
1-2: SINGLE (Line Drive, 78S)
Batting: LHB Colt Gridley 0-0: Ball
1-0: Called Strike
Alberto Esquivel is caught stealing 2nd base
1-1: Ground out 4-3 (Groundball, 4)
Batting: RHB Martín Alejadre 0-0: Ball
1-0: Ball
2-0: Called Strike
2-1: Foul Ball, location: 2F
2-2: Strikes out looking
Bottom of the 1st over - 0 run(s), 1 hit(s), 0 error(s), 0 left on base; Phoenix Hotspur 1 - Chesapeake 0
TOP OF THE 2ND
Phoenix Hotspur Youth batting - Pitching for Chesapeake Continentals : RHP António Alomar
Batting: RHB Hieronymus Bosch 0-0: Called Strike
0-1: Ball
1-1: Called Strike
1-2: Foul Ball, location: 2F
1-2: Strikes out swinging
Batting: RHB Enrico Sánchez 0-0: Called Strike
0-1: Foul Ball, location: 2F
0-2: Foul Ball, location: 2F
0-2: Foul Ball, location: 2F
0-2: Strikes out swinging
Batting: RHB Phillip Mendizabal 0-0: Ball
1-0: Ball
2-0: Ball
3-0: Called Strike
3-1: Foul Ball, location: 2F
3-2: Ground out 6-3 (Groundball, 6)
Top of the 2nd over - 0 run(s), 0 hit(s), 0 error(s), 0 left on base; Phoenix Hotspur 1 - Chesapeake 0
BOTTOM OF THE 2ND
Chesapeake Continentals batting - Pitching for Phoenix Hotspur Youth : RHP Derrick Hopkins
Batting: RHB Juan Chávez 0-0: Foul Ball, location: 2F
0-1: DOUBLE (Groundball, 5L)
Batting: SHB John Krog 0-0: Ball
1-0: Called Strike
1-1: Foul Ball, location: 2F
1-2: Ball
2-2: Foul Ball, location: 2F
2-2: Foul Ball, location: 2F
2-2: Foul Ball, location: 2F
2-2: Strikes out swinging
Batting: RHB Jouo Hirschovits 0-0: Called Strike
0-1: Ball
1-1: Foul Ball, location: 2F
1-2: Fly out, F9 (Flyball, 9)
Runner from 2nd tags up, OUT at 3rd
Bottom of the 2nd over - 0 run(s), 1 hit(s), 0 error(s), 0 left on base; Phoenix Hotspur 1 - Chesapeake 0
TOP OF THE 3RD
Phoenix Hotspur Youth batting - Pitching for Chesapeake Continentals : RHP António Alomar
Batting: RHB David Rivas 0-0: Ball
1-0: Ball
2-0: Called Strike
2-1: SINGLE (Groundball, 56D)
Batting: RHB Carl Tucker 0-0: Hit by Pitch
David Rivas to second
Batting: RHB Bernardo Rivera 0-0: Foul Ball, location: 2F
0-1: Ball
1-1: Foul Ball, location: 2F
1-2: Foul Ball, location: 2F
1-2: Ball
2-2: Ball
3-2: 3-RUN HOME RUN (Flyball, 7LD), Distance : 362 ft
Batting: LHB Ricardo Peńa 0-0: Reached on error, E3 (Groundball, 34)
Batting: RHB Rubén Andrada 0-0: Fly out, F8 (Flyball, 89M)
Batting: LHB António Escalante 0-0: Ball
1-0: Grounds into double play, 6-4-3 (Groundball, 6)
Top of the 3rd over - 3 run(s), 2 hit(s), 1 error(s), 0 left on base; Phoenix Hotspur 4 - Chesapeake 0
BOTTOM OF THE 3RD
Chesapeake Continentals batting - Pitching for Phoenix Hotspur Youth : RHP Derrick Hopkins
Batting: RHB Marcus Larson 0-0: Called Strike
0-1: Ball
1-1: Called Strike
1-2: Strikes out looking
Batting: RHB José Palácios 0-0: Foul Ball, location: 2F
0-1: Ball
1-1: Foul Ball, location: 2F
1-2: Ball
2-2: Foul Ball, location: 2F
2-2: Foul Ball, location: 2F
2-2: Ground out 6-3 (Groundball, 6)
Batting: RHB Ken Sandoval 0-0: Ball
1-0: Ball
2-0: Called Strike
2-1: Ball
3-1: Base on Balls
Batting: RHB Alberto Esquivel 0-0: Called Strike
0-1: Called Strike
0-2: Ball
1-2: Ground out 6-3 (Groundball, 6M)
Bottom of the 3rd over - 0 run(s), 0 hit(s), 0 error(s), 1 left on base; Phoenix Hotspur 4 - Chesapeake 0
TOP OF THE 4TH
Phoenix Hotspur Youth batting - Pitching for Chesapeake Continentals : RHP António Alomar
Batting: RHB Hieronymus Bosch 0-0: Ball
1-0: Called Strike
1-1: Ball
2-1: Foul Ball, location: 2F
2-2: Ball
3-2: Foul Ball, location: 2F
3-2: Strikes out looking
Batting: RHB Enrico Sánchez 0-0: SINGLE (Line Drive, 89S)
Batting: RHB Phillip Mendizabal 0-0: Called Strike
Enrico Sánchez is caught stealing 2nd base
0-1: SINGLE (Groundball, 56S) (infield hit)
Batting: RHB David Rivas 0-0: Called Strike
0-1: Foul Ball, location: 2F
0-2: SINGLE (Groundball, 3) (infield hit)
Phillip Mendizabal to second
Batting: RHB Carl Tucker 0-0: Foul Ball, location: 2F
0-1: Foul Ball, location: 2F
0-2: SINGLE (Line Drive, 4D)
Phillip Mendizabal to third
David Rivas to second
Runner from 3rd tries for Home, SAFE, no throw
Batting: RHB Bernardo Rivera 0-0: Ball
1-0: Foul Ball, location: 2F
1-1: Called Strike
1-2: Ball
2-2: SINGLE (Flyball, 78S)
David Rivas to third
Carl Tucker to second
Runner from 3rd tries for Home, SAFE, no throw
Batting: LHB Ricardo Peńa 0-0: Called Strike
0-1: Foul Ball, location: 2F
0-2: Foul Ball, location: 2F
0-2: Ball
1-2: Foul Ball, location: 2F
1-2: Strikes out swinging
Top of the 4th over - 2 run(s), 5 hit(s), 0 error(s), 2 left on base; Phoenix Hotspur 6 - Chesapeake 0
BOTTOM OF THE 4TH
Chesapeake Continentals batting - Pitching for Phoenix Hotspur Youth : RHP Derrick Hopkins
Batting: LHB Colt Gridley 0-0: Ball
1-0: Foul Ball, location: 2F
1-1: Foul Ball, location: 2F
1-2: Strikes out looking
Batting: RHB Martín Alejadre 0-0: Ball
1-0: Called Strike
1-1: Fly out, F8 (Flyball, 8LM)
Batting: RHB Juan Chávez 0-0: Ball
1-0: Ball
2-0: Ball
3-0: Base on Balls
Batting: SHB John Krog 0-0: Foul Ball, location: 2F
0-1: Ball
1-1: Ball
2-1: Ball
3-1: Called Strike
3-2: Strikes out swinging
Bottom of the 4th over - 0 run(s), 0 hit(s), 0 error(s), 1 left on base; Phoenix Hotspur 6 - Chesapeake 0
TOP OF THE 5TH
Phoenix Hotspur Youth batting - Pitching for Chesapeake Continentals : RHP António Alomar
Batting: RHB Rubén Andrada 0-0: Fly out, F8 (Flyball, 8RD)
Batting: LHB António Escalante 0-0: Foul Ball, location: 2F
0-1: Called Strike
0-2: Strikes out swinging
Batting: RHB Hieronymus Bosch 0-0: SINGLE (Line Drive, 6MD)
Batting: RHB Enrico Sánchez 0-0: Called Strike
0-1: Ball
1-1: Ball
2-1: Swinging Strike
2-2: Fly out, F5 (Line Drive, 56)
Top of the 5th over - 0 run(s), 1 hit(s), 0 error(s), 1 left on base; Phoenix Hotspur 6 - Chesapeake 0
BOTTOM OF THE 5TH
Chesapeake Continentals batting - Pitching for Phoenix Hotspur Youth : RHP Derrick Hopkins
Batting: RHB Jouo Hirschovits 0-0: Foul Ball, location: 2F
0-1: Ground out 5-3 (Groundball, 5L)
Batting: RHB Marcus Larson 0-0: Foul Ball, location: 2F
0-1: Ball
1-1: Foul Ball, location: 2F
1-2: Ball
2-2: Strikes out looking
Batting: RHB José Palácios 0-0: Ball
1-0: Swinging Strike
1-1: Ball
2-1: Swinging Strike
2-2: Strikes out swinging
Bottom of the 5th over - 0 run(s), 0 hit(s), 0 error(s), 0 left on base; Phoenix Hotspur 6 - Chesapeake 0
TOP OF THE 6TH
Phoenix Hotspur Youth batting - Pitching for Chesapeake Continentals : RHP António Alomar
Pitching: LHP Héctor Rodríguez
Batting: RHB Phillip Mendizabal 0-0: Ball
1-0: Ball
2-0: Ball
3-0: Base on Balls
Batting: RHB David Rivas 0-0: Ball
1-0: Ball
2-0: Ball
3-0: Called Strike
3-1: Foul Ball, location: 2F
3-2: Foul Ball, location: 2F
3-2: Foul Ball, location: 2F
3-2: Base on Balls
Phillip Mendizabal to second
Batting: RHB Carl Tucker 0-0: Ball
1-0: Ball
2-0: Ball
Balk!
Phillip Mendizabal to third
David Rivas to second
3-0: Base on Balls
Batting: RHB Bernardo Rivera 0-0: Called Strike
0-1: Ball
1-1: Ball
2-1: Swinging Strike
2-2: Ball
3-2: Foul Ball, location: 2F
3-2: Base on Balls
Phillip Mendizabal scores
David Rivas to third
Carl Tucker to second
Batting: LHB Ricardo Peńa 0-0: Called Strike
0-1: Swinging Strike
0-2: Foul Ball, location: 2F
0-2: Foul Ball, location: 2F
0-2: Ball
1-2: Strikes out swinging
Batting: RHB Rubén Andrada 0-0: Ball
1-0: Ball
2-0: Ball
3-0: Called Strike
3-1: Base on Balls
David Rivas scores
Carl Tucker to third
Bernardo Rivera to second
Batting: LHB António Escalante 0-0: Ball
1-0: Foul Ball, location: 2F
1-1: Foul Ball, location: 2F
1-2: Ball
2-2: Fly out, F8 (Flyball, 8RM)
Runner from 3rd tags up, SCORES, throw made
Batting: RHB Hieronymus Bosch 0-0: Ball
1-0: Ball
2-0: Called Strike
2-1: Foul Ball, location: 2F
2-2: Strikes out swinging
Top of the 6th over - 3 run(s), 0 hit(s), 0 error(s), 2 left on base; Phoenix Hotspur 9 - Chesapeake 0
BOTTOM OF THE 6TH
Chesapeake Continentals batting - Pitching for Phoenix Hotspur Youth : RHP Derrick Hopkins
Batting: RHB Ken Sandoval 0-0: Ball
1-0: Ball
2-0: Ball
3-0: Called Strike
3-1: Foul Ball, location: 2F
3-2: Fly out, F4 (Popup, 34)
Batting: RHB Alberto Esquivel 0-0: Called Strike
0-1: Ball
1-1: Ground out 5-3 (Groundball, 56)
Batting: LHB Colt Gridley 0-0: Ball
1-0: Ball
2-0: Called Strike
2-1: Ball
3-1: Foul Ball, location: 2F
3-2: Base on Balls
Batting: RHB Martín Alejadre 0-0: Ball
1-0: Foul Ball, location: 2F
1-1: Called Strike
Balk!
Colt Gridley to second
1-2: Ground out 4-3 (Groundball, 4)
Bottom of the 6th over - 0 run(s), 0 hit(s), 0 error(s), 1 left on base; Phoenix Hotspur 9 - Chesapeake 0
TOP OF THE 7TH
Phoenix Hotspur Youth batting - Pitching for Chesapeake Continentals : LHP Héctor Rodríguez
Batting: RHB Enrico Sánchez 0-0: Swinging Strike
0-1: Ground out 4-3 (Groundball, 4)
Batting: RHB Phillip Mendizabal 0-0: Ground out 5-3 (Groundball, 56)
Batting: RHB David Rivas 0-0: SINGLE (Flyball, 8RS)
Batting: RHB Carl Tucker 0-0: Swinging Strike
0-1: Swinging Strike
0-2: Ball
1-2: Foul Ball, location: 2F
1-2: Ball
2-2: Strikes out looking
Top of the 7th over - 0 run(s), 1 hit(s), 0 error(s), 1 left on base; Phoenix Hotspur 9 - Chesapeake 0
BOTTOM OF THE 7TH
Chesapeake Continentals batting - Pitching for Phoenix Hotspur Youth : RHP Derrick Hopkins
Batting: RHB Juan Chávez 0-0: Ball
1-0: Ball
2-0: Called Strike
2-1: Called Strike
2-2: Ball
3-2: Foul Ball, location: 2F
3-2: Base on Balls
Batting: SHB John Krog 0-0: Called Strike
0-1: Called Strike
0-2: Ball
1-2: Ball
2-2: Foul Ball, location: 2F
2-2: Foul Ball, location: 2F
2-2: Fly out, F2 (Popup, 3S)
Batting: RHB Jouo Hirschovits 0-0: Ball
1-0: Ball
2-0: Foul Ball, location: 2F
2-1: Called Strike
2-2: Ball
3-2: Fly out, F8 (Flyball, 8LM)
Batting: RHB Marcus Larson 0-0: Called Strike
0-1: Foul Ball, location: 2F
0-2: Ball
1-2: Ball
2-2: Foul Ball, location: 2F
2-2: Foul Ball, location: 2F
2-2: Foul Ball, location: 2F
2-2: Ball
3-2: Strikes out looking
Bottom of the 7th over - 0 run(s), 0 hit(s), 0 error(s), 1 left on base; Phoenix Hotspur 9 - Chesapeake 0
TOP OF THE 8TH
Phoenix Hotspur Youth batting - Pitching for Chesapeake Continentals : LHP Héctor Rodríguez
Batting: RHB Bernardo Rivera 0-0: Foul Ball, location: 2F
0-1: Reached on error, E5 (Groundball, 5)
Pitching: RHP Jesús Colón
Batting: LHB Ricardo Peńa 0-0: Foul Ball, location: 2F
0-1: Ball
1-1: Foul Ball, location: 2F
1-2: Strikes out looking
Batting: RHB Rubén Andrada 0-0: Ball
1-0: Foul Ball, location: 2F
1-1: Ball
2-1: Ball
3-1: Foul Ball, location: 2F
3-2: Fly out, F9 (Flyball, 9LSF)
Batting: LHB António Escalante 0-0: Fielders Choice at 2nd, 4-6 (Groundball, 34)
Top of the 8th over - 0 run(s), 0 hit(s), 1 error(s), 0 left on base; Phoenix Hotspur 9 - Chesapeake 0
BOTTOM OF THE 8TH
Chesapeake Continentals batting - Pitching for Phoenix Hotspur Youth : RHP Derrick Hopkins
Pitching: LHP Cobus Reijnen
Batting: RHB José Palácios 0-0: Ball
1-0: Ground out 5-3 (Groundball, 56S)
Batting: RHB Ken Sandoval 0-0: Ball
1-0: Ball
2-0: Ball
3-0: Base on Balls
Batting: RHB Alberto Esquivel 0-0: Fielders Choice at 2nd, 4-6 (Groundball, 4)
Batting: LHB Colt Gridley 0-0: Ball
1-0: Called Strike
1-1: Ball
2-1: Ball
3-1: Fielders Choice at 2nd, 4-6 (Groundball, 4)
Bottom of the 8th over - 0 run(s), 0 hit(s), 0 error(s), 0 left on base; Phoenix Hotspur 9 - Chesapeake 0
TOP OF THE 9TH
Phoenix Hotspur Youth batting - Pitching for Chesapeake Continentals : RHP Jesús Colón
Batting: RHB Hieronymus Bosch 0-0: Ground out 6-3 (Groundball, 6)
Batting: RHB Enrico Sánchez 0-0: Ball
1-0: Called Strike
1-1: Foul Ball, location: 2F
1-2: Strikes out swinging, 2-3 out at first.
Batting: RHB Phillip Mendizabal 0-0: Ball
1-0: Ball
2-0: Ball
3-0: Called Strike
3-1: Called Strike
3-2: Base on Balls
Batting: RHB David Rivas 0-0: Ball
1-0: SINGLE (Groundball, 34D)
Phillip Mendizabal to second
Runner from 2nd tries for 3rd, SAFE, throw made to third
David Rivas to second
Batting: RHB Carl Tucker 0-0: Ball
1-0: Ball
2-0: DOUBLE (Line Drive, 89D)
Phillip Mendizabal scores
David Rivas scores
Batting: RHB Bernardo Rivera 0-0: Ball
1-0: Ball
2-0: Called Strike
2-1: Foul Ball, location: 2F
2-2: Foul Ball, location: 2F
2-2: Ball
3-2: Foul Ball, location: 2F
3-2: SINGLE (Flyball, 9S)
Carl Tucker to third
Carl Tucker scores
Pinch Hitting: LHB Kenny Scott 0-0: Fielders Choice at 2nd, 4-6 (Groundball, 4)
Top of the 9th over - 3 run(s), 3 hit(s), 0 error(s), 0 left on base; Phoenix Hotspur 12 - Chesapeake 0
BOTTOM OF THE 9TH
Chesapeake Continentals batting - Pitching for Phoenix Hotspur Youth : LHP Cobus Reijnen
Now at 1B: Juan Rivera
Now at 2B: Kenny Scott
Batting: RHB Martín Alejadre 0-0: Swinging Strike
0-1: Ball
1-1: Ball
2-1: DOUBLE (Line Drive, 5D)
Batting: RHB Juan Chávez 0-0: Ball
1-0: Swinging Strike
1-1: Swinging Strike
1-2: Foul Ball, location: 2F
1-2: Ball
2-2: Foul Ball, location: 2F
2-2: Ball
3-2: Base on Balls
Batting: SHB John Krog 0-0: Called Strike
0-1: Swinging Strike
0-2: Foul Ball, location: 2F
0-2: Ball
1-2: Fly out, F7 (Flyball, 78S)
Batting: RHB Jouo Hirschovits 0-0: Foul Ball, location: 2F
0-1: Ball
1-1: Ball
2-1: Called Strike
2-2: Foul Ball, location: 2F
2-2: Ball
3-2: Foul Ball, location: 2F
3-2: Base on Balls
Martín Alejadre to third
Juan Chávez to second
Batting: RHB Marcus Larson 0-0: Ball
1-0: Called Strike
1-1: Called Strike
1-2: Foul Ball, location: 2F
1-2: Ball
2-2: Foul Ball, location: 2F
2-2: Ball
3-2: Base on Balls
Martín Alejadre scores
Juan Chávez to third
Jouo Hirschovits to second
Batting: RHB José Palácios 0-0: Ball
1-0: Ground out 5-3 (Groundball, 5S)
Juan Chávez scores
Jouo Hirschovits to third
Marcus Larson to second
Batting: RHB Ken Sandoval 0-0: Ball
1-0: Ball
2-0: Ball
3-0: Base on Balls
Batting: RHB Alberto Esquivel 0-0: Ball
1-0: Ball
2-0: Ball
3-0: Foul Ball, location: 2F
3-1: Foul Ball, location: 2F
3-2: Base on Balls
Jouo Hirschovits scores
Marcus Larson to third
Ken Sandoval to second
Batting: LHB Colt Gridley 0-0: Called Strike
0-1: Swinging Strike
0-2: Strikes out swinging
Bottom of the 9th over - 3 run(s), 1 hit(s), 0 error(s), 3 left on base; Phoenix Hotspur 12 - Chesapeake 3
Wednesday, July 12th, 2017 - OOTP Baseball 17.12 Build 75